 Dungeon Sprint DCSS version 0.30-a0-953-g5f1da4a474 (webtiles) character file.

Game seed: 6705970201631485627

163 Parcival the Protected (level 5, 0/53 HPs)
             Began as a Minotaur Fighter on Mar 28, 2023.
             Slain by a fire elemental (8 damage)
             ... summoned by a deep elf pyromancer
             ... in the Dungeon (Sprint III: "The Ten Rune Challenge").
             The game lasted 00:00:49 (360 turns).

Parcival the Protected (Minotaur Fighter)            Turns: 360, Time: 00:00:49

Health: 0/53       AC:  8    Str: 23    XL:     5   Next: 20%
Magic:  4/4        EV:  9    Int:  5    God:
Gold:   39         SH:  5    Dex:  9    Spells: 4/4 levels left

rFire   . . .      SeeInvis .    a - +0 war axe
rCold   . . .      Faith    .    c - +0 buckler
rNeg    . . .      Spirit   .    b - +0 scale mail
rPois   .          Reflect  .    (helmet restricted)
rElec   .          Rampage  .    (no cloak)
rCorr   .          NoTele   +    (no gloves)
Will    .....                    (no boots) Stlth
                                 (no amulet)
HPRegen 0.28/turn                (no ring)
MPRegen 0.09/turn                (no ring)

@: no status effects
A: horns 2, retaliatory headbutt
a: no special abilities


You were in the Dungeon.
You visited 1 branch You collected 39 gold pieces.

Inventory:

Hand Weapons
 a - a +0 war axe (weapon)
Armour
 b - a +0 scale mail (worn)
 c - a +0 buckler (worn)
Scrolls
 j - a scroll of blinking
 n - 3 scrolls of identify
Potions
 d - a potion of might
 e - 2 potions of curing
 f - a potion of heal wounds
 g - a potion of haste
 h - 2 potions of magic
 i - a potion of berserk rage
 k - a potion of brilliance {unknown}
 l - 2 potions of mutation {unknown}
 o - 4 potions of flight
 q - a potion of lignification {unknown}


   Skills:
 + Level 7.8 Fighting
 + Level 5.1 Axes
 + Level 8.0 Armour
 + Level 0.8 Dodging
 + Level 7.1 Shields


You had 4 spell levels left.
You didn't know any spells.
Your spell library was empty.

Dungeon Overview and Level Annotations

Branches:
Dungeon (1/1)

Altars:
Elyvilon
Zin
The Shining One


Innate Abilities, Weirdness & Mutations

You have a pair of horns on your head.
You reflexively headbutt those who attack you in melee.


Message History

There is an open door to the Ecumenical Temple here.
You open the door.
Found three altars.
A deep elf pyromancer comes into view.
It is wielding a +2 long sword of holy wrath.
Found a potion of heal wounds.
The deep elf pyromancer shouts!
There is an open door here.
A deep elf pyromancer is nearby!
You block the deep elf pyromancer's attack.
You hit the deep elf pyromancer. You headbutt the deep elf pyromancer.
The deep elf pyromancer is lightly wounded.
The deep elf pyromancer gestures at you while chanting.
The sticky flame misses you.
You barely miss the deep elf pyromancer.
The deep elf pyromancer is lightly wounded.
The deep elf pyromancer closely misses you.
You furiously retaliate!
You headbutt the deep elf pyromancer.
The deep elf pyromancer casts a spell.
You barely miss the deep elf pyromancer.
Your headbutt misses the deep elf pyromancer.
The deep elf pyromancer is lightly wounded.
The deep elf pyromancer mumbles some strange words.
You slash the deep elf pyromancer!
Your headbutt misses the deep elf pyromancer.
The deep elf pyromancer is heavily wounded.
You closely miss the fire elemental. The fire elemental hits you.
The fire elemental burns you!
The deep elf pyromancer casts a spell at you.
The bolt of fire hits you!!
Ouch! That really hurt!
* * * LOW HITPOINT WARNING * * *
The fire elemental hits you. The fire elemental burns you!
* * * LOW HITPOINT WARNING * * *
Sorry, you're not good enough to have a special ability.
You closely miss the deep elf pyromancer.
The deep elf pyromancer is heavily wounded.
You closely miss the fire elemental. You barely miss the fire elemental.
The fire elemental completely misses you.
The fire elemental hits you. The fire elemental burns you!
You die...

▓▓▓▓▓▓▓ ▓▓▓ .'....♣♣
♣.##### .#.....♣ ♣.#°E_#
##.....♣ ♣♣.#Ee@#
.#....~♣♣♣♣..###E#+###+#
.#...~~♣.♣♣♣.#..○.......
.#..~~~~♣♣...'.⌠........
)#..~≈≈~~~♣..#...######+
.#.~~≈~~~....#.⌠.#
.#.~≈~~~.....#...#
.#.~~~.......#+###
##...........#


You could see a deep elf pyromancer and 3 fire elementals.

Vanquished Creatures
  A water elemental (D)
  A scorpion (D)
  Jessica (D)
  A human (D)
  An endoplasm (D)
  2 rats (D)
7 creatures vanquished.

Notes
Turn   | Place    | Note
-------+----------+-------------------------------------------
     0 | D        | Parcival the Minotaur Fighter began the quest for the Orb.
     0 | D        | Reached XP level 1. HP: 19/19 MP: 0/0
     5 | D        | Reached skill level 4 in Armour
     9 | D        | Noticed Jessica
    13 | D        | Killed Jessica
    14 | D        | Reached skill level 5 in Fighting
    14 | D        | Reached skill level 5 in Armour
    14 | D        | Reached skill level 5 in Shields
    14 | D        | Reached XP level 2. HP: 28/29 MP: 1/1
    15 | D        | Reached XP level 3. HP: 35/36 MP: 2/2
    34 | D        | Noticed a scorpion
    43 | D        | Killed a scorpion
    44 | D        | Reached skill level 6 in Armour
    44 | D        | Reached XP level 4. HP: 40/45 MP: 3/3
   113 | D        | Reached skill level 7 in Armour
   190 | D        | Noticed a water elemental
   195 | D        | Killed a water elemental
   196 | D        | Reached skill level 5 in Axes
   196 | D        | Reached skill level 8 in Armour
   196 | D        | Reached XP level 5. HP: 10/53 MP: 4/4
   353 | D        | Found a glowing silver altar of Zin.
   353 | D        | Found a glowing golden altar of the Shining One.
   353 | D        | Found a white marble altar of Elyvilon.
   354 | D        | Noticed a deep elf pyromancer
   358 | D        | Noticed a fire elemental
   359 | D        | Noticed a fire elemental
   359 | D        | Noticed a fire elemental
   360 | D        | Slain by a fire elemental

Illustrated notes

Levels and vault maps discovered:
D:        dungeon_sprint_mu [sprint_mu_entry_forest, sprint_mu_temple_rooms,
          sprint_mu_d1_horrors, sprint_mu_d2_genie, sprint_mu_d3_branching,
          sprint_mu_orc_legion, sprint_mu_elf_gauntlet, sprint_mu_hive_nellie,
          sprint_mu_lair_fedhas, sprint_mu_vaults_butterflies,
          sprint_mu_slime_circle, sprint_mu_shoals_kraken,
          sprint_mu_snake_twists, sprint_mu_blade_basic,
          sprint_mu_crypt_fortress, sprint_mu_tomb_spiral,
          sprint_mu_vestibule_basic, sprint_mu_gehenna_hellfire,
          sprint_mu_dis_giant, sprint_mu_tartarus_statrot,
          sprint_mu_cocytus_islands, sprint_mu_zot1]

Skill      XL: |  1  2  3  4 |
---------------+-------------+-----
Fighting       | 5 6 7 |  7.8
Armour         | 5 6 8 |  8.0
Shields        | 5 6 7 |  7.1
Axes           | 3 4 5 |  5.1
Dodging        | |  0.8

Action                     |  1- 3 |  4- 6 || total
---------------------------+-------+-------++-------
  Melee: War axe           |     9 |    13 ||    22
         Headbutt          |     1 |     3 ||     4
    Use: Scroll            |       |     2 ||     2
 Armour: Scale mail        |     2 |     4 ||     6
  Dodge: Dodged            |     5 |     6 ||    11
  Block: Buckler           |     2 |     4 ||     6

Table legend: (Time is in decaauts)
 A = Elapsed time spent in this place.
 B = Non-inter-level travel time spent in this place.
 C = Inter-level travel time spent in this place.
 D = Time resting spent in this place.
 E = Time spent auto-exploring this place.
 F = Levels seen in this place.
 G = Mean time per level.
                   A        B        C        D        E       F      G
               +--------+--------+--------+--------+--------+-----+--------+
         Total |    369 |    369 |      0 |      0 |    282 |   1 |  369.0 |
       Dungeon |    369 |    369 |      0 |      0 |    282 |   1 |  369.0 |
               +--------+--------+--------+--------+--------+-----+--------+

Top non-repeatable levels by time:
       D: 369 daAuts
